 Dungeon Sprint DCSS version 0.17-a0-802-g1f09329 (webtiles) character file.

16800000 namelastname112 the Grand Master (level 27, -28/323 HPs)
             Began as a Demonspawn Monk on Apr 26, 2015.
             Was the Champion of Makhleb.
             Annihilated by a destroyer
             ... wielding a +9 great sword of slicing
              (165 damage)
             ... in the Dungeon (Sprint VIII: "Arena of Blood").
             The game lasted 00:05:08 (168 turns).

namelastname112 the Grand Master (Demonspawn Monk)   Turns: 168, Time: 00:05:08

Health: -28/323    AC: 12    Str: 13    XL:     27
Magic:  54/54      EV: 46    Int: 14    God:    Makhleb [******]
Gold:   0          SH:  0    Dex: 30    Spells: 0 memorised, 80 levels left

rFire  . . .     SeeInvis +     i - +∞ Axe of Woe
rCold  . . .     Clarity  .     a - +0 robe
rNeg   . . .     SustAb   .     (no shield)
rPois  .         Gourm    .     (helmet unavailable)
rElec  .         Spirit   .     (no cloak)
rCorr  .         Warding  .     (no gloves)
rMut   .         NoTele   +     (no boots)
MR     ++...                    (no amulet)
Stlth  ++++++++++               (no ring)
                                (no ring)

@: agile, slowed, very slow, very resistant to hostile enchantments, uncannily
stealthy
A: antennae 3, iridescent scales 3, nightstalker 3, powered by pain 3, robust 3
a: Minor Destruction, Lesser Servant of Makhleb, Major Destruction, Greater
Servant of Makhleb, Renounce Religion


You were in the Dungeon.
You worshipped Makhleb.
Makhleb was exalted by your worship.
You were not hungry.

You visited 1 branch

Inventory:

Hand weapons
 i - the +∞ Axe of Woe (weapon)
   (You found it in the Dungeon)
Armour
 a - a +0 robe (worn)
Jewellery
 j - a +200 ring of slaying
 k - a +30 ring of slaying
Scrolls
 h - a scroll of blinking
Potions
 e - a potion of haste
 f - 2 potions of magic
 g - a potion of berserk rage
Comestibles
 b - a bread ration


   Skills:
 O Level 27 Fighting
 O Level 27 Axes
 O Level 27 Throwing
 O Level 27 Armour
 O Level 27 Dodging
 O Level 27 Stealth
 O Level 27 Unarmed Combat
 O Level 27 Spellcasting
 O Level 27 Invocations


You had 80 spell levels left.
You didn't know any spells.

Dungeon Overview and Level Annotations

Branches:
Dungeon (1/1)

Altars:
Makhleb


Innate Abilities, Weirdness & Mutations

You have a pair of large antennae on your head (SInv).
You are completely covered in iridescent scales (AC +8).
You are completely attuned to the shadows.
You are powered by pain.
You are extremely robust (+30% HP).


Message History

The dread calls on the powers of darkness!
Your body is wracked with pain!
* * * LOW HITPOINT WARNING * * *
You hear a shout! x5
Things that are here:
a +9 war axe; a bag of meat corpse Unknown command.
You cut the dread into ribbons!!! You chop the dread into pieces.
You destroy the dread!
Makhleb accepts your kill.
You feel a little better.
You hear a shout! x10
Unknown command.
You hear a shout! x12
The meat beast bites you but does no damage.
The meat beast completely misses you.
You hear a shout! x4
The destroyer hits you with a +9 great sword of slicing!!!!!
Ouch! That really hurt!
You die...

...... ...... { {
.###. {{ 2 .# {..# .#
# { .o# .. . . ...
..# .. ... .....
##p.# . ....
.....##2).# ..
....#.....#@...# .#
.....#.)..##V....#
.#..%###).).#.).....#
.......§%§#.).......#
%.....).)§.p.)...####
.####...§.....####
.%.#.)..{..####
....%)..####
)....####


You could see a meat beast, a destroyer, a fleshlord and a bag of meat.

Vanquished Creatures
  3 hell knights (D)
  4 hell beasts (D)
  A greater mummy (D)
  2 great orbs of eyes (D)
  4 wraiths (D)
  9 vampire knights (D)
  18 ogres (D)
  A lich (D)
  50 orcs (D)
  5 phantoms (D)
  5 hill giants (D)
  2 skeletal warriors (D)
  A sea snake (D)
  A crawling corpse (D)
106 creatures vanquished.

Vanquished Creatures (others)
  A crawling corpse (D)
1 creature vanquished.

Grand Total: 107 creatures vanquished

Notes
Turn   | Place    | Note
--------------------------------------------------------------
     0 | D        | namelastname112, the Demonspawn Monk, began the quest for the Orb.
     0 | D        | Reached XP level 1. HP: 18/18 MP: 1/1
     4 | D        | Became a worshipper of Makhleb the Destroyer
     4 | D        | Acquired Makhleb's first power
     4 | D        | Acquired Makhleb's second power
     5 | D        | Noticed a bag of meat
     6 | D        | Noticed a bag of meat
     7 | D        | Noticed a meat berserker
     8 | D        | Killed a bag of meat
     8 | D        | Reached skill level 12 in Fighting
     8 | D        | Reached skill level 17 in Unarmed Combat
     8 | D        | Gained mutation: You sometimes gain a little power by taking damage. [demonic ancestry]
     8 | D        | Reached XP level 2. HP: 21/39 MP: 2/2
     8 | D        | Reached XP level 3. HP: 24/45 MP: 3/3
     8 | D        | Gained mutation: You are slightly more attuned to the shadows. [demonic ancestry]
     8 | D        | Reached XP level 4. HP: 27/52 MP: 4/4
     8 | D        | Reached XP level 5. HP: 30/58 MP: 5/5
     8 | D        | Reached XP level 6. HP: 33/65 MP: 6/6
     8 | D        | Gained mutation: You have a pair of small antennae on your head. [demonic ancestry]
     8 | D        | Reached XP level 7. HP: 36/71 MP: 7/7
     8 | D        | Reached XP level 8. HP: 39/78 MP: 8/8
     8 | D        | Gained mutation: You are partially covered in iridescent scales (AC +4). [demonic ancestry]
     8 | D        | Reached XP level 9. HP: 41/83 MP: 9/9
     8 | D        | Gained mutation: You have a pair of antennae on your head. [demonic ancestry]
     8 | D        | Reached XP level 10. HP: 44/90 MP: 10/10
     8 | D        | Gained mutation: You are significantly more attuned to the shadows. [demonic ancestry]
     8 | D        | Reached XP level 11. HP: 46/96 MP: 11/11
     9 | D        | Noticed a meat berserker
     9 | D        | Killed a meat berserker
     9 | D        | Reached skill level 15 in Fighting
     9 | D        | Reached skill level 15 in Axes
     9 | D        | Reached skill level 5 in Stealth
     9 | D        | Reached skill level 21 in Unarmed Combat
     9 | D        | Gained mutation: You are completely attuned to the shadows. [demonic ancestry]
     9 | D        | Reached XP level 12. HP: 49/110 MP: 12/12
     9 | D        | Reached XP level 13. HP: 51/116 MP: 13/13
     9 | D        | Killed a bag of meat
     9 | D        | Acquired Makhleb's third power
     9 | D        | Reached skill level 15 in Dodging
     9 | D        | Reached skill level 22 in Unarmed Combat
     9 | D        | Gained mutation: You are mostly covered in iridescent scales (AC +6). [demonic ancestry]
     9 | D        | Reached XP level 14. HP: 54/126 MP: 14/14
    10 | D        | Killed a meat berserker
    10 | D        | Reached skill level 24 in Unarmed Combat
    10 | D        | Reached XP level 15. HP: 131/137 MP: 15/15
    11 | D        | Noticed a bag of meat
    11 | D        | Noticed a bag of meat
    11 | D        | Noticed a bag of meat
    12 | D        | Noticed a meat berserker
    12 | D        | Noticed a bag of meat
    13 | D        | Noticed a bag of meat
    13 | D        | Noticed a bag of meat
    13 | D        | Killed a bag of meat
    13 | D        | Acquired Makhleb's fourth power
    13 | D        | Reached skill level 25 in Unarmed Combat
    13 | D        | Noticed a bag of meat
    14 | D        | Killed a bag of meat
    14 | D        | Reached skill level 26 in Unarmed Combat
    15 | D        | Killed a bag of meat
    15 | D        | Reached skill level 27 in Unarmed Combat
    15 | D        | Gained mutation: You sometimes gain power by taking damage. [demonic ancestry]
    15 | D        | Reached XP level 16. HP: 145/150 MP: 16/16
    15 | D        | Killed a meat berserker
    15 | D        | Acquired Makhleb's fifth power
    15 | D        | Reached skill level 10 in Stealth
    15 | D        | Killed a bag of meat
    15 | D        | Gained mutation: You have a pair of large antennae on your head (SInv). [demonic ancestry]
    15 | D        | Reached XP level 17. HP: 156/166 MP: 17/17
    16 | D        | Killed a bag of meat
    17 | D        | Noticed a bag of meat
    17 | D        | Killed a bag of meat
    17 | D        | Killed a bag of meat
    18 | D        | Noticed a meat berserker
    20 | D        | Killed a meat berserker
    20 | D        | Reached skill level 27 in Fighting
    20 | D        | Reached skill level 27 in Axes
    20 | D        | Reached skill level 15 in Stealth
    20 | D        | Gained mutation: You are completely covered in iridescent scales (AC +8). [demonic ancestry]
    20 | D        | Reached XP level 18. HP: 177/182 MP: 18/18
    20 | D        | Killed a bag of meat
    21 | D        | Noticed a bag of meat
    23 | D        | Noticed a bag of meat
    24 | D        | Noticed a bag of meat
    24 | D        | Noticed a bag of meat
    24 | D        | Noticed a large bag of meat
    25 | D        | Noticed a destroyer
    25 | D        | Noticed a meat berserker
    25 | D        | Noticed a bag of meat
    25 | D        | Noticed a bag of meat
    25 | D        | Noticed a bag of meat
    25 | D        | Noticed a meat berserker
    26 | D        | Killed a bag of meat
    26 | D        | Reached skill level 27 in Dodging
    27 | D        | Noticed a bag of meat
    27 | D        | Noticed a bag of meat
    28 | D        | Killed a meat berserker
    28 | D        | Gained mutation: You are robust (+10% HP). [demonic ancestry]
    28 | D        | Reached XP level 19. HP: 182/207 MP: 19/19
    28 | D        | Killed a bag of meat
    28 | D        | Reached skill level 27 in Stealth
    29 | D        | Noticed a bag of meat
    29 | D        | Noticed a bag of meat
    29 | D        | Noticed a large bag of meat
    30 | D        | Noticed a large bag of meat
    30 | D        | Killed a bag of meat
    30 | D        | Killed a meat berserker
    30 | D        | Reached skill level 15 in Invocations
    31 | D        | Noticed a bag of meat
    31 | D        | Noticed a bag of meat
    31 | D        | Noticed a destroyer
    31 | D        | Killed a large bag of meat
    31 | D        | Reached XP level 20. HP: 187/216 MP: 19/37
    31 | D        | Killed a bag of meat
    32 | D        | Noticed a bag of meat
    33 | D        | Noticed a bag of meat
    33 | D        | Killed a bag of meat
    33 | D        | Reached skill level 15 in Throwing
    33 | D        | Reached skill level 15 in Armour
    33 | D        | Reached skill level 15 in Spellcasting
    33 | D        | Killed a large bag of meat
    33 | D        | Killed a large bag of meat
    34 | D        | Noticed a bag of meat
    34 | D        | Killed a bag of meat
    34 | D        | Killed a destroyer
    34 | D        | Gained mutation: You are very robust (+20% HP). [demonic ancestry]
    34 | D        | Reached XP level 21. HP: 216/244 MP: 41/45
    34 | D        | Killed a bag of meat
    34 | D        | Reached skill level 27 in Invocations
    35 | D        | Noticed a bag of meat
    35 | D        | Killed a destroyer
    35 | D        | Killed a bag of meat
    36 | D        | Killed a bag of meat
    36 | D        | Killed a bag of meat
    36 | D        | Gained mutation: You are powered by pain. [demonic ancestry]
    36 | D        | Reached XP level 22. HP: 254/254 MP: 42/50
    36 | D        | Killed a bag of meat
    36 | D        | Killed a bag of meat
    37 | D        | Killed a bag of meat
    38 | D        | Killed a bag of meat
    38 | D        | Reached skill level 27 in Throwing
    38 | D        | Reached skill level 27 in Armour
    38 | D        | Reached skill level 27 in Spellcasting
    38 | D        | Killed a bag of meat
    39 | D        | Killed a bag of meat
    41 | D        | Noticed a bag of meat
    41 | D        | Noticed a destroyer
    41 | D        | Killed a bag of meat
    41 | D        | Reached XP level 23. HP: 262/262 MP: 43/54
    42 | D        | Noticed a meat berserker
    43 | D        | Killed a destroyer
    44 | D        | Noticed a destroyer
    44 | D        | Killed a bag of meat
    44 | D        | Noticed a destroyer
    45 | D        | Killed a meat berserker
    49 | D        | Noticed a sculptor of flesh
    51 | D        | Killed a destroyer
    51 | D        | Gained mutation: You are extremely robust (+30% HP). [demonic ancestry]
    51 | D        | Reached XP level 24. HP: 262/295 MP: 46/54
    54 | D        | Noticed a destroyer
    54 | D        | Killed a destroyer
    54 | D        | Killed a sculptor of flesh
    59 | D        | Killed a destroyer
    64 | D        | Noticed a bag of meat
    65 | D        | Noticed a bag of meat
    65 | D        | Noticed a bag of meat
    65 | D        | Noticed a bag of meat
    65 | D        | Noticed a meat berserker
    66 | D        | Noticed a meat berserker
    66 | D        | Noticed a meat berserker
    66 | D        | Noticed a bag of meat
    67 | D        | Noticed a bag of meat
    67 | D        | Killed a meat berserker
    67 | D        | Reached XP level 25. HP: 304/304 MP: 51/54
    67 | D        | Noticed a bag of meat
    68 | D        | Killed a bag of meat
    69 | D        | Noticed a bag of meat
    69 | D        | Killed a meat berserker
    69 | D        | Killed a meat berserker
    70 | D        | Killed a bag of meat
    71 | D        | Noticed a bag of meat
    71 | D        | Killed a bag of meat
    72 | D        | Killed a bag of meat
    72 | D        | Reached XP level 26. HP: 314/314 MP: 52/54
    72 | D        | Killed a bag of meat
    73 | D        | Killed a bag of meat
    74 | D        | Killed a bag of meat
    75 | D        | Killed a bag of meat
    75 | D        | Killed a bag of meat
    76 | D        | Noticed a wretched soul
    77 | D        | Noticed a meat berserker
    77 | D        | Noticed a meat berserker
    78 | D        | Noticed a large bag of meat
    78 | D        | Noticed a bag of meat
    78 | D        | Noticed a meat beast
    78 | D        | Noticed a large bag of meat
    79 | D        | Noticed a wretched soul
    79 | D        | Killed a meat berserker
    79 | D        | Killed a meat berserker
    80 | D        | Noticed a bag of meat
    80 | D        | Noticed a bag of meat
    80 | D        | Noticed a sculptor of flesh
    80 | D        | Killed a meat beast
    80 | D        | Reached XP level 27. HP: 323/323 MP: 54/54
    81 | D        | Killed a wretched soul
    81 | D        | Killed a wretched soul
    83 | D        | Killed a large bag of meat
    83 | D        | Killed a bag of meat
    84 | D        | Noticed a bag of meat
    84 | D        | Killed a large bag of meat
    85 | D        | Noticed a wretched soul
    85 | D        | Noticed a wretched soul
    85 | D        | Killed a bag of meat
    85 | D        | Killed a wretched soul
    86 | D        | Noticed a destroyer
    86 | D        | Killed a wretched soul
    86 | D        | Killed a sculptor of flesh
    87 | D        | Killed a bag of meat
    88 | D        | Noticed a bag of meat
    88 | D        | Noticed a meat berserker
    89 | D        | Noticed a dread
    89 | D        | Killed a bag of meat
    90 | D        | Noticed a bag of meat
    90 | D        | Killed a meat berserker
    90 | D        | Killed a destroyer
    91 | D        | Noticed a bag of meat
    91 | D        | Noticed a bag of meat
    91 | D        | Noticed a bag of meat
    92 | D        | Killed a dread
    92 | D        | Killed a bag of meat
    92 | D        | Killed a bag of meat
    95 | D        | Noticed a bag of meat
    97 | D        | Killed a bag of meat
    97 | D        | Killed a bag of meat
    97 | D        | Killed a bag of meat
    98 | D        | Noticed a bag of meat
    98 | D        | Noticed an observer
   101 | D        | Killed a bag of meat
   103 | D        | Noticed a bag of meat
   103 | D        | Killed a bag of meat
   104 | D        | Noticed a tyrant
   105 | D        | Killed a bag of meat
   107 | D        | Killed a tyrant
   115 | D        | Killed an observer
   119 | D        | Noticed a sculptor of flesh
   126 | D        | Noticed a fleshlord
   130 | D        | Noticed a fleshlord
   134 | D        | Noticed a fleshlord
   134 | D        | Killed a fleshlord
   134 | D        | Killed a fleshlord
   138 | D        | Noticed a meat beast
   138 | D        | Killed a meat beast
   139 | D        | Noticed a meat beast
   139 | D        | Killed a meat beast
   141 | D        | Noticed a destroyer
   141 | D        | Killed a destroyer
   143 | D        | Noticed a meat berserker
   144 | D        | Killed a meat berserker
   146 | D        | Noticed a bag of meat
   148 | D        | Killed a bag of meat
   149 | D        | Noticed a dread
   150 | D        | Noticed an accursed
   150 | D        | Noticed a meat beast
   150 | D        | Killed an accursed
   150 | D        | HP: 13/323 [scourge/poison arrow (49)]
   151 | D        | HP: 6/323 [??? (4)]
   152 | D        | Killed a meat beast
   153 | D        | Noticed a meat berserker
   153 | D        | Noticed a dread
   154 | D        | Noticed an observer
   154 | D        | Killed a dread
   154 | D        | Noticed a destroyer
   155 | D        | Noticed a wretched soul
   155 | D        | Killed an observer
   155 | D        | Killed a meat berserker
   156 | D        | Noticed a dread
   156 | D        | Noticed a meat berserker
   156 | D        | Killed a destroyer
   156 | D        | Killed a dread
   157 | D        | Killed a meat berserker
   159 | D        | Noticed a meat berserker
   159 | D        | Killed a wretched soul
   161 | D        | Noticed a fleshlord
   161 | D        | Killed a meat berserker
   163 | D        | Noticed a meat berserker
   163 | D        | Killed a fleshlord
   164 | D        | Noticed a meat beast
   165 | D        | Noticed a fleshlord
   165 | D        | Killed a meat berserker
   167 | D        | Killed a dread
   168 | D        | Annihilated by a destroyer

Action                   |  1- 3 |  4- 6 |  7- 9 | 10-12 | 13-15 | 16-18 | 19-21 | 22-24 | 25-27 || total
-------------------------+-------+-------+-------+-------+-------+-------+-------+-------+-------++-------
Melee: Executioner's axe |     1 |       |       |     1 |     4 |     5 |     6 |    12 |    43 ||    72
  Use: Potion            |       |       |       |       |       |       |       |       |     2 ||     2
 Stab: Distracted        |       |       |       |       |     1 |       |       |       |     3 ||     4
